 Dungeon Crawl Stone Soup version 0.29.1-1-gd02db6906a (webtiles) character file.

Game seed: 11580111046323919468

73 RascalDebosk the Stinger (level 4, -1/30 HPs)
             Began as a Merfolk Venom Mage on Sept 25, 2022.
             Slain by an orc
             ... wielding a +0 hand axe
              (5 damage)
             ... on level 2 of the Dungeon.
             The game lasted 00:19:40 (2136 turns).

RascalDebosk the Stinger (Merfolk Venom Mage)       Turns: 2136, Time: 00:19:41

Health: -1/30      AC:  3    Str:  8    XL:     4   Next: 27%
Magic:  4/7        EV: 13    Int: 16    God:
Gold:   136        SH:  5    Dex: 14    Spells: 1/7 levels left

rFire   . . .      SeeInvis +   n - +0 long sword
rCold   . . .      Faith    .   (no shield)
rNeg    . . .      Spirit   .   s - +0 robe
rPois   .          Reflect  +   (no helmet)
rElec   .          Harm     .   (no cloak)
rCorr   .          Rampage  .   (no gloves)
Will    .....                   i - +0 pair of boots
Stlth   ++........              m - amulet of reflection
HPRegen 0.10/turn               e - ring of see invisible
MPRegen 0.10/turn               (no ring)

@: very slightly contaminated
A: (nimble swimmer 2), mertail
a: no special abilities


You were on level 2 of the Dungeon.
You visited 1 branch of the dungeon, and saw 3 of its levels.

You collected 136 gold pieces.

Inventory:

Hand Weapons
 j - a +0 mace
 n - a +0 long sword (weapon)
Armour
 i - a +0 pair of boots (worn)
 s - a +0 robe (worn)
Jewellery
 e - a ring of see invisible (left hand)
 m - an amulet of reflection (around neck)
Scrolls
 a - a scroll of amnesia {unknown}
 c - a scroll of identify {unknown}
 d - a scroll of enchant armour {unknown}
 h - 3 scrolls of immolation {unknown}
 k - a scroll of teleportation {unknown}
 r - a scroll of enchant weapon {unknown}
Potions
 b - a potion of magic
 f - 2 potions of attraction {unknown}
 g - a potion of lignification {unknown}
 l - 2 potions of heal wounds {unknown}
 o - a potion of flight {unknown}
 p - 4 potions of curing {unknown}
 q - 2 potions of cancellation {unknown}


   Skills:
 + Level 3.2 Dodging
 + Level 2.8 Stealth
 + Level 2.4 Spellcasting
 + Level 2.6 Transmutations
 + Level 3.7 Poison Magic
 + Level 1.3 Invocations


You had one spell level left.
You knew the following spells:

 Your Spells              Type           Power      Damage    Failure   Level
a - Sting                 Tmut/Pois      48%        1d5       5%          1
b - Poisonous Vapours     Pois/Air       14%        N/A       14%         2
c - Mephitic Cloud        Conj/Pois/Air  5%         N/A       34%         3

Your spell library contained the following spells:

 Spells                   Type           Power      Damage    Failure   Level
 Olgreb's Toxic Radiance  Pois           13%        N/A       38%         4


Dungeon Overview and Level Annotations

Branches:
Dungeon (3/15)

Altars:
Fedhas

Shops:
D:3 [


Innate Abilities, Weirdness & Mutations

((You are very nimble when in or above water. (Stealth+, EV+, Speed+++)))
Your lower body shifts to a powerful aquatic tail in water.


Message History

You climb upwards.
There is a stone staircase leading down here.
HP restored.
You climb downwards.
An orc comes into view. It is wielding a +0 hand axe.
The orc misses you.
The orc priest shouts!
There is a stone staircase leading up here.
The orc shouts!
You hear a shout!
The orc priest closely misses you. The orc hits you with a +0 club.
You climb upwards.
There is a stone staircase leading down here.
Aiming: Sting (safe; 6% risk of failure)
Press: ? - help, Q - select action, (/) - cycle Shift-Dir - straight line, f - orc priest
Aim: an orc priest, wielding a +0 flail and wearing a +0 leather armour (71% to hit)
The sting hits the orc priest.
The orc priest is poisoned.
The orc priest is lightly wounded.
The orc hits you with a +0 club. The orc priest closely misses you.
Casting: Sting (safe; 6% risk of failure)
Confirm with . or Enter, or press ? or * to list all spells.
Aiming: Poisonous Vapours (safe; 14% risk of failure)
Press: ? - help, Dir - move target, f - orc, p - orc priest
Aim: an orc, wielding a +0 club Poisonous vapours surround the orc!
The orc is poisoned.
The orc closely misses you. The orc priest barely misses you.
Aiming: Sting (safe; 6% risk of failure)
Press: ? - help, Q - select action, (/) - cycle Shift-Dir - straight line, f/p - orc
Aim: an orc, wielding a +0 club (lightly wounded, poisoned, 71% to hit)
The sting misses the orc.
* * * LOW MAGIC WARNING * * *
The orc closely misses you.
The orc priest casts a cantrip, but nothing happens.
Aiming: Sting (safe; 6% risk of failure)
Press: ? - help, Q - select action, (/) - cycle Shift-Dir - straight line, f - orc priest, p - orc
Aim: an orc priest, wielding a +0 flail and wearing a +0 leather armour (moderately wounded, poisoned, 71% to hit)
The sting hits the orc priest.
The orc priest looks even sicker.
The orc priest is moderately wounded.
* * * LOW MAGIC WARNING * * *
The orc hits you with a +0 club.
The orc priest casts a cantrip, but nothing happens.
Aiming: Sting (safe; 6% risk of failure)
Press: ? - help, Q - select action, (/) - cycle Shift-Dir - straight line, f/p - orc priest
Aim: an orc priest, wielding a +0 flail and wearing a +0 leather armour (moderately wounded, very poisoned, 71% to hit)
The sting hits the orc priest.
The orc priest looks even sicker.
The orc priest is moderately wounded.
* * * LOW MAGIC WARNING * * *
The orc misses you. The orc priest closely misses you.
You don't have enough magic to cast this spell.
You hit the orc.
The orc is severely wounded.
The orc completely misses you. The orc priest closely misses you.
You slash the orc!
You kill the orc!
The orc priest invokes the aid of Beogh against you.
You barely resist.
The orc priest hits you with a +0 flail!
* * * LOW HITPOINT WARNING * * *
You closely miss the orc priest.
The orc priest is severely wounded.
The orc priest miscasts a cantrip.
You hit the orc priest.
The orc priest is almost dead.
You kill the orc priest!
You have reached level 4!
Things that are here:
a +0 flail; a +0 leather armour
Things that are here:
a +0 club; an orc corpse You start resting.
Magic restored.
You start resting.
HP restored.
There is a stone staircase leading down here.
There is a stone staircase leading down here.
You climb downwards.
The orc closely misses you.
An endoplasm comes into view.
You block the orc's attack. The orc hits you with a +0 dagger.
The orc hits you with a +0 hand axe. The orc barely misses you.
There is a stone staircase leading up, spattered with blood here.
The orc hits you with a +0 hand axe. The orc hits you with a +0 mace.
* * * LOW HITPOINT WARNING * * *
The orc hits you with a +0 dagger.
* * * LOW HITPOINT WARNING * * *
You climb upwards.
There is a stone staircase leading down here.
Casting: Sting (safe; 5% risk of failure)
Confirm with . or Enter, or press ? or * to list all spells.
The spell is extremely dangerous to miscast (34% risk of failure)!
Continue anyway?
Aiming: Mephitic Cloud (extremely dangerous; 34% risk of failure)
Press: ? - help, Shift-Dir - straight line, f - orc
Aim: an orc, wielding a +0 hand axe (chance to affect: 96%) That beam is likely to hit you.
Continue anyway?
You miscast Mephitic Cloud.
You are very lightly contaminated with residual magic.
Nothing appears to happen.
The orc hits you with a +0 mace.
* * * LOW HITPOINT WARNING * * *
The orc hits you with a +0 dagger.
* * * LOW HITPOINT WARNING * * *
The orc hits you with a +0 hand axe.
You die...

#..........# # ###......#.# #
######## #......#.########## #
.......# #......#..........# #
.......# #......####.....#.# #
.......# #......# #.###.#.###
....[..# ######## #..........
####.######################.#.###
...............)@o..........#.#
####.#<........o.o......[.....#
#.###########.##############
####.######......#
..##.#...........#
..##.#...........#
..##.#.......###.# ..##.#########
#.# ..##.# #.#


You could see 3 orcs.

Vanquished Creatures
  An orc priest (D:2)
  A dart slug (D:1)
  An orc (D:2)
  5 endoplasms
  A giant cockroach (D:1)
  3 goblins (D:1)
  3 hobgoblins
  3 quokkas
  2 ball pythons
  5 bats
  3 frilled lizards
  3 kobolds (D:1)
  9 rats
40 creatures vanquished.

Vanquished Creatures (others)
  2 plants (D:1)
2 creatures vanquished.

Grand Total: 42 creatures vanquished

Notes
Turn   | Place    | Note
-------+----------+-------------------------------------------
     0 | D:1      | RascalDebosk the Merfolk Venom Mage began the quest for the
                  | Orb.
     0 | D:1      | Reached XP level 1. HP: 13/13 MP: 3/3
   237 | D:1      | Reached XP level 2. HP: 19/19 MP: 0/5
   306 | D:1      | Learned a level 2 spell: Poisonous Vapours
   790 | D:1      | Reached XP level 3. HP: 24/24 MP: 2/6
   959 | D:1      | Reached skill level 1 in Invocations
  1115 | D:1      | Found a faded altar of an unknown god.
  1385 | D:2      | Learned a level 3 spell: Mephitic Cloud
  1591 | D:2      | Found a blossoming altar of Fedhas.
  1922 | D:3      | Found Jyessup's Armour Shop.
  1938 | D:2      | Reached XP level 4. HP: 12/30 MP: 1/7
  2136 | D:2      | Slain by an orc

Illustrated notes

Levels and vault maps discovered:
D:1:      minmay_arrival_stair_chambers, layout_basic,
          shapermc_ecumenical_altar_mp_ritualfount, minmay_pentomino_t4
D:2:      layout_basic, basic_altar
D:3:      layout_loops_ring, serial_shops, shop, minmay_crystal_room

Skill      XL: |  1  2  3 |
---------------+----------+-----
Transmutations | 2 |  2.6
Dodging        | 3 |  3.2
Invocations    | 1 |  1.3
Stealth        | |  2.8
Spellcasting   | |  2.4
Poison Magic   | |  3.7

Action                   |  1- 3 |  4- 6 || total
-------------------------+-------+-------++-------
Melee: Mace              |     4 |       ||     4
       Long sword        |     4 |       ||     4
 Cast: Sting             |    65 |       ||    65
       Poisonous Vapours |     5 |       ||     5
Armor: Robe              |    12 |       ||    12
Dodge: Dodged            |    41 |     2 ||    43
Block: Other             |     4 |     1 ||     5
